 Dungeon Crawl Stone Soup version 0.18-a0-1121-gb454403 (webtiles) character file.

46 ater218 the Conjurer (level 3, -1/19 HPs)
             Began as a Deep Elf Conjurer on Jan 18, 2016.
             Was an Initiate of Vehumet.
             Killed from afar by a hobgoblin (7 damage)
             ... with a wand of magic darts
             ... on level 4 of the Dungeon.
             The game lasted 00:05:05 (1274 turns).

ater218 the Conjurer (Deep Elf Conjurer)            Turns: 1274, Time: 00:05:06

Health: -1/19      AC:  3    Str:  5    XL:     3   Next: 44%
Magic:  7/10       EV: 13    Int: 20    God:    Vehumet [......]
Gold:   151        SH:  0    Dex: 15    Spells: 1 memorised, 8 levels left

rFire  . . .     SeeInvis .     e - +1 dagger (freeze)
rCold  . . .     Gourm    .     a - +0 robe
rNeg   . . .     Faith    .     (no shield)
rPois  .         Spirit   .     n - +1 hat
rElec  .         Dismiss  .     (no cloak)
rCorr  .         Reflect  .     (no gloves)
SustAt .         Harm     .     (no boots)
MR     .....                    (no amulet)
Stlth  ++........               (no ring)
                                (no ring)

@: lethally poisoned (-1 -> -9), not resistant to hostile enchantments,
unstealthy
A: no striking features
a: Renounce Religion


You were on level 4 of the Dungeon.
You worshipped Vehumet.
Vehumet was noncommittal.
You were not hungry.

You visited 1 branch of the dungeon, and saw 3 of its levels.

You collected 151 gold pieces.

Inventory:

Hand Weapons
 e - a +1 dagger of freezing (weapon)
Armour
 a - a +0 robe (worn)
 n - a +1 hat (worn)
Jewellery
 g - an uncursed amulet of regeneration {unknown}
Scrolls
 d - a scroll of random uselessness {unknown}
 h - a scroll of noise {unknown}
 l - 4 scrolls of teleportation {unknown}
 m - a scroll of remove curse {unknown}
 p - 2 scrolls of amnesia {unknown}
 q - a scroll of fear {unknown}
 r - a scroll of enchant armour {unknown}
Potions
 i - a potion of might {unknown}
 j - a potion of resistance {unknown}
 k - 4 potions of curing {unknown}
 o - a potion of lignification {unknown}
Books
 b - a book of Conjurations

   Spells                             Type                      Level
   a - Magic Dart                     Conjuration                  1
   b - Searing Ray                    Conjuration                  2
   c - Dazzling Spray                 Conjuration/Hexes            3
   d - Fulminant Prism                Conjuration/Hexes            4
   e - Iskenderun's Mystic Blast      Conjuration                  4
   f - Iskenderun's Battlesphere      Conjuration/Charms           5
Comestibles
 c - 2 bread rations
 f - 2 chunks of flesh


   Skills:
 + Level 2.5 Dodging
 - Level 2.4 Stealth
 * Level 3.5 Spellcasting
 + Level 5.4 Conjurations


You had 8 spell levels left.
You knew the following spells:

 Your Spells              Type           Power        Failure   Level  Hunger
a - Magic Dart            Conj           ####         1%          1    None


Dungeon Overview and Level Annotations

Branches:
Dungeon (2/15)

Altars:
Vehumet


Message History

Aim: a worker ant (heavily wounded)
The magic dart hits the worker ant.
The worker ant is heavily wounded.
The worker ant bites you. The worker ant misses you. The worker ant bites you.
Found a rapier.
A centaur skeleton comes into view.
The centaur skeleton moves out of view.
The worker ant closely misses you.
The phantom blinks!
There is a radiant altar of Vehumet here.
You kneel at the altar of Vehumet.
Vehumet welcomes you! The worker ant misses you. The worker ant bites you.
You are lethally poisoned!
The worker ant poisons you!
The hobgoblin shouts!
You feel sick.
You feel sick.
The hobgoblin zaps a wand.
The magic dart hits you!
You die...

##.## #.....# #...#
#.....#
###.#.###.....#
#.......#.....#
#...#....##.###
##........##.####..
#..#.g.#..Z.........
#...........#####...
#..@a#.[..#.#
.............##.).
##.########.###.##Z
# #...... .. #####..
. #...


You could see a worker ant, a hobgoblin and a centaur skeleton.

Vanquished Creatures
  2 adders (D:2)
  An ooze (D:2)
  2 giant cockroaches (D:1)
  4 goblins
  A hobgoblin (D:1)
  2 quokkas (D:2)
  3 bats
  2 giant newts
  2 kobolds
  6 rats
25 creatures vanquished.

Notes
Turn   | Place    | Note
--------------------------------------------------------------
     0 | D:1      | ater218 the Deep Elf Conjurer began the quest for the Orb.
     0 | D:1      | Reached XP level 1. HP: 10/10 MP: 6/6
   220 | D:1      | Reached XP level 2. HP: 15/15 MP: 5/8
   562 | D:2      | Reached skill level 5 in Conjurations
   684 | D:2      | Reached XP level 3. HP: 19/19 MP: 5/9
  1221 | D:2      | You fall through a shaft for 2 floors!
  1257 | D:4      | Found a radiant altar of Vehumet.
  1257 | D:4      | Noticed a phantom
  1272 | D:4      | Became a worshipper of Vehumet
  1274 | D:4      | Killed from afar by a hobgoblin

Vault maps used:
D:1:      roderic_crossed_star
D:4:      vehumet_altar_wand_db, kennysheep_generic_room_11

Action                   || total
-------------------------++-------
 Cast: Magic Dart        ||    47
  Eat: Chunk             ||     1
